 Dungeon Crawl Stone Soup version 0.18-a0-1577-gf591c28 (webtiles) character file.

573408 4thArraOfDagon the Impregnable (level 27, -5/188 (189) HPs)
             Began as a Halfling Monk on Mar 22, 2016.
             Was the Champion of Cheibriados.
             Slain by a greater mummy (9 damage)
             ... on level 2 of the Tomb of the Ancients on Mar 23, 2016.
             The game lasted 03:20:46 (31522 turns).

4thArraOfDagon the Impregnable (Halfling Monk)     Turns: 31522, Time: 03:20:46

HP:   -5/188 (189)  AC: 35    Str: 33      XL:     27
MP:   30/55         EV: 32    Int: 23 (26) God:    Cheibriados [******]
Gold: 2502          SH:  0    Dex: 41      Spells: 6 memorised, 28 levels left

rFire  + + +     SeeInvis .       - Unarmed
rCold  + + +     Gourm    .     x - +12 plate armour of the Bulwark {*Corrode rF+ rC+++ Stlth+}
rNeg   + + +     Faith    .     (shield currently unavailable)
rPois  +         Spirit   .     Z - -2 hat of the Alchemist {rElec rPois rF+ rC+ rN+ MR+ rMut rCorr}
rElec  +         Dismiss  .     U - +0 cloak of the Amoeba {MP+9}
rCorr  +         Reflect  .     (gloves currently unavailable)
rMut   +         Harm     .     s - +0 pair of boots "Ynied" {*Drain MP+9 Dex+3}
SustAt .         Rnd*Tele +     m - amulet of the Zebra {+Rage rF+ Int-3 Slay+2}
MR     +++..                    i - +5 ring of strength
Stlth  ++........               P - ring of Reimbursement {+Inv rPois rN+++ Str+2 Int+3 Dex-3}

@: blade hands, very slightly contaminated, slowed, repel missiles, very slow,
extremely resistant to hostile enchantments, unstealthy
A: horns 1, icy blue scales 1, camouflage 1, blink, clumsy 1, mutation
resistance 1, poison resistance, screaming 1, shaggy fur 1, teleportitis 1
a: End Transformation, Blink, Bend Time, Temporal Distortion, Slouch, Step From
Time, Renounce Religion, Evoke Berserk Rage, Evoke Invisibility
}: 4/15 runes: decaying, slimy, silver, gossamer


You were on level 2 of the Tomb of the Ancients.
You worshipped Cheibriados.
Cheibriados was exalted by your worship.
You were not hungry.
You had blades for hands.
You visited 12 branches of the dungeon, and saw 58 of its levels.

You collected 5290 gold pieces.
You spent 2788 gold pieces at shops.

Inventory:

Missiles
 F - 2 throwing nets (quivered)
Armour
 s - the +0 pair of boots "Ynied" (worn) {*Drain MP+9 Dex+3}
   (You acquired it on level 3 of the Vaults)

   It affects your dexterity (+3).
   It affects your magic capacity (+9).
   It causes draining when unequipped.
 x - the +12 plate armour of the Bulwark (worn) {*Corrode rF+ rC+++ Stlth+}
   (You found it on level 2 of the Elven Halls)

   It protects you from fire.
   It renders you almost immune to cold.
   It may corrode your equipment when you take damage.
   It makes you more stealthy.
 y - a +2 pair of gloves (melded)
 U - the +0 cloak of the Amoeba (worn) {MP+9}
   (You acquired it on level 4 of the Spider Nest)

   It affects your magic capacity (+9).
 Z - the -2 hat of the Alchemist (worn) {rElec rPois rF+ rC+ rN+ MR+ rMut rCorr}
   (You found it on level 8 of the Lair of Beasts)

   It protects you from fire.
   It protects you from cold.
   It insulates you from electricity.
   It protects you from poison.
   It protects you from negative energy.
   It affects your resistance to hostile enchantments.
   It protects you from acid and corrosion.
   It protects you from mutation.
Magical Staves
 T - an uncursed staff of wizardry (melded) {!a}
Jewellery
 i - a +5 ring of strength (right scythe-like blade)
 m - the amulet of the Zebra (around neck) {+Rage rF+ Int-3 Slay+2}
   (You found it on level 6 of the Pits of Slime)

   [amulet of rage]

   It affects your intelligence (-3).
   It affects your accuracy and damage with ranged weapons and melee attacks
   (+2).
   It protects you from fire.
   It lets you go berserk.
 B - an uncursed ring of see invisible
 K - an uncursed ring of protection from fire
 L - an uncursed ring of protection from magic
 P - the ring of Reimbursement (left scythe-like blade) {+Inv rPois rN+++ Str+2 Int+3 Dex-3}
   (You found it on level 7 of the Dungeon)

   [ring of strength]

   It affects your strength (+2).
   It affects your intelligence (+3).
   It affects your dexterity (-3).
   It protects you from poison.
   It renders you almost immune to negative energy.
   It lets you turn invisible.
Wands
 A - a wand of teleportation (1/9)
 G - a wand of iceblast (11/15)
 H - a wand of acid (8/15)
 I - a wand of disintegration (1/24)
 R - a wand of heal wounds (4/9)
 V - a wand of heal wounds (5/9)
Scrolls
 j - 3 scrolls of summoning
 k - 6 scrolls of remove curse
 l - 2 scrolls of magic mapping
 t - 2 scrolls of holy word
 C - 6 scrolls of fog
 M - 9 scrolls of immolation
 O - a scroll of teleportation
 W - 7 scrolls of blinking
 X - 2 scrolls of silence
Potions
 c - 5 potions of ambrosia
 e - 6 potions of might
 h - 3 potions of brilliance
 n - 9 potions of flight
 o - 13 potions of curing
 q - 4 potions of magic
 r - 2 potions of cure mutation
 u - 5 potions of heal wounds
 v - 4 potions of agility
 D - 4 potions of resistance
 E - a potion of invisibility
 N - 4 potions of cancellation
Miscellaneous
 a - a phial of floods
 d - a legendary deck of destruction {the Storm, drawn: 1}
 f - a legendary deck of summoning {drawn: 1}
 g - a fan of gales
 p - an ornate deck of changes {the Blade}
 w - a legendary deck of changes {the Blade, drawn: 2}
 J - an ornate deck of defence {drawn: 1}
 S - a lamp of fire
 Y - a sack of spiders
Comestibles
 b - 21 bread rations
 z - 16 meat rations


   Skills:
 + Level 15.8 Fighting
 + Level 21.2 Armour
 + Level 15.6 Dodging
 - Level 5.4 Stealth
 * Level 20.7 Unarmed Combat
 - Level 10.1 Spellcasting
 - Level 6.1 Charms
 - Level 4.4 Necromancy
 - Level 7.7 Transmutations
 - Level 19.0 Invocations
 - Level 5.0 Evocations


You had 28 spell levels left.
You knew the following spells:

 Your Spells              Type           Power        Failure   Level  Hunger
a - Regeneration          Chrm/Necr      #####.....   45%         3    None
b - Blade Hands           Trmt           #####.....   67%         5    ####...
c - Sublimation of Blood  Necr           ####......   36%         2    None
d - Summon Lightning Spi  Summ/Air       ##......     100%        4    #......
e - Repel Missiles        Chrm/Air       ####..       45%         2    None
f - Blink                 Tloc           N/A          73%         2    None


Dungeon Overview and Level Annotations

Branches:
Dungeon (15/15)            Temple (1/1) D:7            Lair (8/8) D:8
  Swamp (4/4) Lair:6       Spider (4/4) Lair:6        Slime (6/6) Lair:6
    Orc (2/2) D:12            Elf (3/3) Orc:2        Vaults (5/5) D:13
  Crypt (3/3) Vaults:2       Tomb (2/3) Crypt:3      Depths (5/5) D:15
    Zot (0/5) Depths:5

Altars:
Ashenzari
Cheibriados
Dithmenos
Elyvilon
Fedhas
Gozag
Kikubaaqudgha
Makhleb
Nemelex Xobeh
Okawaru
Pakellas
Qazlal
Ru
Sif Muna
Trog
Vehumet
Xom
Yredelemnul
Zin
The Shining One
Beogh
Jiyva
Lugonu

Shops:
D:4 *   D:5 !   D:6 :   D:10 *   Orc:2 *%[!   Elf:2 *   Elf:3 :   Vaults:1 =
Vaults:3 ?   Depths:2 *[!%

Portals:
Hell: Depths:2 Depths:3 Depths:4
Abyss: Depths:4
Pandemonium: Depths:2
Ziggurat: Depths:4

Annotations:
Lair:7 Kirke
Lair:8 exclusion: upstairs
Swamp:4 M4edhros's ghost, adept VSTm
Orc:1 Josephine


Innate Abilities, Weirdness & Mutations

You are small and have problems with some larger weapons.
You are somewhat resistant to further mutation.
You have a pair of small horns on your head.
You are partially covered in icy blue scales (AC +1).
Your skin changes colour to match your surroundings (Stealth).
You can translocate small distances at will.
You are clumsy. (Dex -2)
Your system is resistant to poisons.
You occasionally shout uncontrollably at your foes.
You are covered in fur (AC +1).
You are occasionally teleported next to monsters.


Message History

The emperor scorpion completely misses you.
The greater mummy points at you and mumbles some strange words.
Something smites you!
* * * LOW HITPOINT WARNING * * *
Unknown command.
Unknown command.
Unknown command.
Unknown command.
You shred the greater mummy!!!
You headbutt the greater mummy, but do no damage.
You slash the greater mummy!
The greater mummy is heavily damaged.
The mummy priest calls on the powers of darkness!
The emperor scorpion convulses!
Your body is wracked with pain!
* * * LOW HITPOINT WARNING * * *
The emperor scorpion convulses!
The emperor scorpion stings you!!
* * * LOW HITPOINT WARNING * * *
The emperor scorpion closely misses you.
The emperor scorpion misses you. The greater mummy hits you!
You die...

#####################
#..^.........#..(.^..
#..†..†..†..§#.W.....
#^.†...†..§WMM.§(....
#...§....†§sM#§......
#....††..†§s@#^......
##############H######
H. .. ..M
.....z.....§§.
.....zz.. .. .
#.......# ...
......##....Hz.##...


You could see a greater mummy, 2 emperor scorpions, a mummy priest, a guardian
mummy and a freezing wraith.

Vanquished Creatures
  the Royal Jelly (Slime:6)
  Mennas (Depths:5)
  3 ancient liches
  A juggernaut (Depths:3)
  4 greater mummies
  Sojobo (Vaults:3)
  Norris (Spider:4)
  3 golden dragons
  A bone dragon (Crypt:3)
  Jory (Vaults:5)
  Jorgrun (Tomb:2)
  5 tentacled monstrosities
  7 liches
  19 acid blobs
  3 titans
  2 deep elf master archers (Elf:3)
  2 deep elf blademasters (Elf:3)
  An ancient champion (Crypt:3)
  2 quicksilver dragons
  A Shadow Fiend (Depths:4)
  A thorn hunter (Swamp:4)
  11 sphinxes
  4 storm dragons
  4 shadow dragons (Vaults:5)
  4 fire giants
  17 azure jellies
  3 tengu reavers
  2 revenants
  Donald (Elf:3)
  17 vault wardens
  Aizul (Swamp:4)
  2 emperor scorpions
  9 frost giants
  4 deep elf sorcerers
  4 deep elf elementalists (Elf:3)
  2 draconian annihilators (Depths:5)
  5 ghost moths
  2 orc warlords (Depths:2)
  A draconian shifter (Depths:5)
  4 iron dragons
  Louise (Depths:4)
  A juggernaut skeleton (Depths:4)
  6 very ugly things
  14 ironheart preservers
  A spriggan defender (Depths:3)
  6 reapers (Depths:4)
  5 war gargoyles
  A salamander stormcaller (Vaults:2)
  2 vampire knights
  14 stone giants
  10 deep elf demonologists
  A black draconian (Depths:5)
  A green draconian (Depths:5)
  10 deep elf annihilators
  2 bennus (Tomb:2)
  A mottled draconian (Depths:5)
  A white draconian (Depths:5)
  8 spark wasps
  15 deep elf death magi
  7 mummy priests
  37 vault guards
  2 jiangshi (Crypt:1)
  20 ettins
  The ghost of Sagrath01 the Black Sun, a journeyman NaWz of Kikubaaqudgha (D:12)
  2 death oozes
  7 fire dragons
  9 entropy weavers
  4 deep elf high priests
  11 great orbs of eyes
  2 rakshasas (Depths:3)
  18 yaktaur captains
  4 quicksilver dragon skeletons
  3 spriggan air magi
  6 ogre magi
  3 ghost crabs
  A catoblepas (Lair:5)
  12 hydras
  12 deep troll shamans
  2 death knights
  12 ice dragons
  3 death yaks
  A queen ant (Lair:2)
  9 centaur warriors
  3 alligators
  9 dancing weapons
  5 deep troll earth magi
  A tengu warrior (Depths:4)
  A shock serpent (shapeshifter) (Depths:5)
  7 vampire magi
  3 spriggan berserkers
  A hell knight (Depths:2)
  The ghost of LairdHam the Fighter, a novice GrBe of Trog (D:9)
  A soul eater (Depths:4)
  15 deep elf knights
  A fire crab (Vaults:3)
  2 shadow wraiths
  2 spriggan druids
  2 golden dragon zombies (Depths:4)
  A spark wasp zombie (Depths:4)
  23 death scarabs (Tomb:2)
  A salamander mystic (Depths:5)
  A storm dragon skeleton (Depths:4)
  A giant orange brain (shapeshifter) (Vaults:5)
  An unseen horror (D:14)
  25 deep trolls
  A deep troll (shapeshifter) (Vaults:2)
  7 iron trolls
  4 giant orange brains
  21 skeletal warriors
  3 shambling mangroves
  3 tengu zombies (Depths:4)
  9 swamp dragons
  3 flayed ghosts
  11 hill giants
  Pikel (D:6)
  2 phantasmal warriors
  4 anubis guards (Tomb:2)
  33 wolf spiders
  9 orc knights
  9 necromancers
  5 wizards
  11 ironbrand convokers
  13 deep elf archers
  A large abomination (Elf:1)
  An anubis guard (shapeshifter) (Depths:1)
  43 deep elf magi
  41 ugly things
  An iron dragon zombie (Depths:4)
  2 griffons
  5 shining eyes
  A sphinx skeleton (Depths:4)
  2 orb spiders (shapeshifter)
  A shadow dragon skeleton (Crypt:3)
  6 hornets
  11 orb spiders
  9 salamanders
  5 cyclopes
  4 elephants (Lair:7)
  A frost giant skeleton (Crypt:3)
  A hornet (shapeshifter) (D:15)
  A dire elephant zombie (Crypt:2)
  2 tengu skeletons
  4 iron dragon skeletons
  2 black mambas
  A centaur zombie (D:15)
  A moth of wrath (shapeshifter) (Vaults:5)
  4 fire giant skeletons
  An eye of devastation (Slime:6)
  A moth of wrath (Spider:2)
  A stone giant skeleton (Vaults:3)
  13 spiny frogs
  2 spriggan skeletons (Depths:4)
  13 vault sentinels
  A torpor snail (Lair:5)
  11 gargoyles
  A yaktaur (shapeshifter) (D:15)
  47 yaktaurs
  6 komodo dragons
  8 freezing wraiths
  2 kobold demonologists
  6 demonic crawlers
  4 rime drakes
  A black draconian skeleton (Crypt:2)
  14 guardian mummies
  3 tengu conjurers
  2 queen bees (shapeshifter)
  A jumping spider (shapeshifter) (Depths:2)
  A wind drake (shapeshifter) (Vaults:1)
  14 two-headed ogres
  5 trolls
  A minotaur zombie (Crypt:2)
  20 jumping spiders
  5 polar bears (Lair:8)
  Prince Ribbit (D:6)
  5 bog bodies
  4 giant leeches
  A hydra skeleton (Crypt:2)
  A sphinx simulacrum (Vaults:3)
  Grinder (D:6)
  A slime creature (shapeshifter) (D:15)
  A blink frog (shapeshifter) (Vaults:5)
  11 boulder beetles
  80 slime creatures
  17 blink frogs
  2 ushabtiu (Tomb:1)
  A centaur simulacrum (D:15)
  12 flying skulls
  3 vampires
  24 spriggans
  68 redbacks
  9 wraiths
  2 fire dragon skeletons (Crypt:3)
  6 water elementals
  7 air elementals
  2 hogs (Lair:7)
  A wyvern (D:12)
  5 shadows
  3 basilisks
  2 fire elementals (Elf:3)
  A spriggan simulacrum (Depths:4)
  18 tarantellas
  6 golden eyes (Slime:2)
  A wyvern (shapeshifter) (Depths:5)
  39 yaks
  A human (Depths:2)
  8 hungry ghosts
  21 vampire mosquitoes
  15 hippogriffs
  An elf skeleton (Depths:4)
  A steam dragon (D:11)
  10 wargs
  Menkaure (D:6)
  14 swamp worms
  A swamp worm (shapeshifter) (Vaults:5)
  20 soldier ants (Lair:2)
  6 insubstantial wisps (Swamp:3)
  A mottled dragon (Vaults:1)
  11 water moccasins
  A porcupine (shapeshifter) (Vaults:5)
  Duvessa (D:6)
  6 porcupines
  44 orc warriors
  8 swamp drakes
  5 sky beasts
  An ice beast (D:5)
  An ice beast (shapeshifter) (D:15)
  A slave (D:6)
  A spiny frog skeleton (Crypt:3)
  21 wasps
  6 black bears
  8 boggarts
  7 eyes of draining
  28 ogres
  2 eyes of draining (shapeshifter)
  2 phantoms
  A boggart (shapeshifter) (D:15)
  3 necrophages
  44 wolves
  30 centaurs
  A snapping turtle skeleton (Crypt:2)
  14 crocodiles
  9 big kobolds
  5 elf zombies (Elf:1)
  Blork the orc (D:6)
  2 spectral wargs (Depths:2)
  18 giant frogs
  Dowan (D:6)
  An earth elemental (Elf:3)
  4 scorpions
  2 howler monkeys (D:8)
  3 wights (D:13)
  3 electric eels
  2 giant frog zombies
  3 crimson imps
  A quasit (D:11)
  2 hounds
  2 centaur skeletons
  23 jellies
  19 orc wizards
  13 orc priests
  3 iron imps (D:6)
  6 iguanas
  21 worker ants
  4 wolf simulacra (Lair:8)
  A yak simulacrum (Lair:8)
  4 polar bear simulacra (Lair:8)
  13 sheep
  A hound zombie (D:7)
  A hound skeleton (D:10)
  25 mummies
  2 worker ant zombies
  12 gnolls
  15 adders
  33 river rats
  3 shadow imps
  An adder skeleton (D:8)
  A halfling skeleton (Crypt:2)
  3 worms (D:3)
  10 giant geckos
  87 orcs
  7 giant cockroaches
  7 goblins
  3 quokkas
  3 ball pythons
  A ball python zombie (Crypt:2)
  9 bats
  A giant gecko skeleton (D:4)
  A giant gecko zombie (Crypt:1)
  5 giant newts
  20 kobolds
  A quokka zombie (D:5)
  6 rats
  2 river rat simulacra (Lair:8)
  A lost soul (Crypt:3)
2145 creatures vanquished.

Vanquished Creatures (collateral kills)
  2 orb spiders (Spider:3)
  A big kobold (Crypt:1)
3 creatures vanquished.

Vanquished Creatures (others)
  A fire giant (Vaults:5)
  A deep elf elementalist (Elf:3)
  A war gargoyle (D:13)
  An ogre mage (Vaults:3)
  A deep elf knight (Elf:3)
  14 death scarabs (Tomb:2)
  A deep elf archer (Elf:1)
  An ironbrand convoker (Vaults:1)
  An orb spider (Spider:4)
  2 deep elf magi
  A salamander (Vaults:2)
  A gargoyle (D:13)
  A vault sentinel (Vaults:3)
  A jumping spider (Spider:3)
  A redback (Vaults:5)
  A spriggan (Swamp:4)
  2 flying skulls (Tomb:2)
  A swamp drake (Swamp:4)
  A slave (D:6)
  An ice beast (D:6)
  An ogre (Vaults:3)
  A giant frog (D:6)
  A worker ant (D:6)
  A mummy (Tomb:1)
  A giant newt (Lair:6)
  12 fungi
  5 lost souls (Crypt:3)
  4 plants
  A withered plant (Crypt:3)
62 creatures vanquished.

Grand Total: 2210 creatures vanquished

Notes
Turn   | Place    | Note
--------------------------------------------------------------
     0 | D:1      | 4thArraOfDagon the Halfling Monk began the quest for the Orb.
     0 | D:1      | Reached XP level 1. HP: 15/15 MP: 1/1
   158 | D:2      | Reached XP level 2. HP: 18/21 MP: 2/2
   624 | D:2      | Reached XP level 3. HP: 26/26 MP: 3/3
   870 | D:2      | Reached XP level 4. HP: 14/31 MP: 4/4
  1087 | D:4      | Found a shadowy altar of Dithmenos.
  1090 | D:4      | Found a glowing golden altar of the Shining One.
  1094 | D:4      | Reached XP level 5. HP: 30/36 MP: 5/5
  1095 | D:4      | Found a radiant altar of Vehumet.
  1099 | D:4      | Found Amasuaqogra's Assorted Antiques.
  1111 | D:4      | Bought a dark potion for 26 gold pieces
  1111 | D:4      | Bought 2 coppery potions for 52 gold pieces
  1111 | D:4      | Bought a red potion for 26 gold pieces
  1111 | D:4      | Bought a red potion for 26 gold pieces
  1340 | D:5      | Entered Level 5 of the Dungeon
  1340 | D:5      | Noticed a sky beast
  1375 | D:4      | Killed a sky beast
  1375 | D:4      | Reached skill level 5 in Unarmed Combat
  1375 | D:4      | Reached XP level 6. HP: 42/42 MP: 6/6
  1414 | D:5      | Gained mutation: You tend to lose your temper in combat. [mutagenic meat]
  1417 | D:5      | Gained mutation: Your magical capacity is low (-10% MP). [mutagenic meat]
  1593 | D:5      | Found a bloodstained altar of Trog.
  1593 | D:5      | Found a basalt altar of Yredelemnul.
  1631 | D:5      | Found a shimmering altar of Xom.
  1631 | D:5      | Found a shattered altar of Ashenzari.
  1633 | D:5      | Found a glowing silver altar of Zin.
  1707 | D:5      | 4thArraOfDagon: :AG
  1718 | D:5      | 4thArraOfDagon: STOP
  1718 | D:5      | 4thArraOfDagon: LEAVE
  1725 | D:6      | Noticed Prince Ribbit
  1733 | D:6      | Noticed an ice beast
  1746 | D:6      | Killed Prince Ribbit
  1746 | D:6      | Reached skill level 5 in Dodging
  1746 | D:6      | Reached XP level 7. HP: 19/46 MP: 6/6
  1804 | D:6      | 4thArraOfDagon: THX
  1867 | D:6      | Reached XP level 8. HP: 36/52 MP: 7/7
  1893 | D:6      | Noticed Menkaure
  1917 | D:6      | Noticed Pikel
  1960 | D:6      | Killed Pikel
  2062 | D:7      | Found a stormy altar of Qazlal.
  2153 | D:7      | Got a flickering lapis lazuli ring
  2154 | D:7      | Identified the ring of Reimbursement {+Inv rPois rN+++ Str+2 Int+3 Dex-3} (You found it on level 7 of the Dungeon)
  2319 | D:7      | Found a staircase to the Ecumenical Temple.
  2325 | Temple   | Entered the Ecumenical Temple
  2346 | Temple   | Became a worshipper of Cheibriados the Contemplative
  2346 | Temple   | Reached * piety under Cheibriados
  2346 | Temple   | Reached ** piety under Cheibriados
  2456 | D:6      | Found Unluj's Book Shoppe.
  2491 | D:6      | Reached XP level 9. HP: 47/56 MP: 8/8
  2514 | D:6      | Reached skill level 1 in Invocations
  2521 | D:6      | Killed Menkaure
  2521 | D:6      | Reached skill level 1 in Evocations
  2562 | D:5      | Found Poijaguj's Distillery.
  2574 | D:5      | Bought a potion of lignification for 36 gold pieces
  2581 | D:5      | Found an iron altar of Okawaru.
  2721 | D:4      | Bought a scroll labeled JYGROIG HUFACY for 29 gold pieces
  2823 | D:4      | Found a white marble altar of Elyvilon.
  3634 | D:5      | Reached *** piety under Cheibriados
  3672 | D:5      | Found an iron altar of Okawaru.
  4026 | D:6      | Noticed Blork the orc
  4041 | D:6      | Killed Blork the orc
  4069 | D:6      | Found an opulent altar of Gozag.
  4069 | D:6      | Found an ancient bone altar of Kikubaaqudgha.
  4159 | D:6      | Noticed Grinder
  4185 | D:6      | Killed Grinder
  4218 | D:6      | Reached **** piety under Cheibriados
  4434 | D:6      | Found a burning altar of Makhleb.
  4561 | D:6      | Noticed Duvessa
  4561 | D:6      | Noticed Dowan
  4573 | D:6      | Killed Duvessa
  4593 | D:6      | Killed Dowan
  4593 | D:6      | Reached XP level 10. HP: 54/63 MP: 11/11
  5080 | D:8      | Found a blossoming altar of Fedhas.
  5240 | D:8      | Found a staircase to the Lair.
  5364 | D:8      | Found a blossoming altar of Fedhas.
  5758 | D:9      | Noticed LairdHam's ghost (novice GrBe)
  5806 | D:10     | Entered Level 10 of the Dungeon
  5826 | D:10     | Reached ***** piety under Cheibriados
  6028 | D:10     | Found Feyleqio's Assorted Antiques.
  6033 | D:10     | Bought a scroll of teleportation for 57 gold pieces
  6085 | D:11     | Noticed a hill giant
  6099 | D:11     | Killed a hill giant
  6099 | D:11     | Reached skill level 5 in Fighting
  6295 | D:11     | Reached skill level 5 in Invocations
  6366 | D:11     | Noticed a hill giant
  6377 | D:11     | Killed a hill giant
  6377 | D:11     | Reached XP level 11. HP: 64/72 MP: 10/13
  6471 | D:11     | You fall through a shaft for 2 floors!
  6482 | D:13     | Reached skill level 10 in Unarmed Combat
  6511 | D:12     | Noticed a purple ugly thing
  6526 | D:12     | Noticed a sun demon
  6535 | D:12     | Killed a purple ugly thing
  6541 | D:12     | Gained mutation: You have sharp toenails. [mutagenic meat]
  6620 | D:11     | Noticed a hill giant
  6634 | D:11     | Killed a hill giant
  6634 | D:11     | Reached skill level 5 in Evocations
  6981 | D:12     | Noticed Sagrath01's ghost (journeyman NaWz)
  7043 | D:12     | Killed Sagrath01's ghost
  7066 | D:13     | Noticed a war gargoyle
  7069 | D:13     | Reached skill level 10 in Dodging
  7070 | D:13     | Killed a war gargoyle
  7070 | D:13     | Reached XP level 12. HP: 77/80 MP: 4/15
  7105 | D:13     | Learned a level 3 spell: Regeneration
  7205 | D:12     | Reached skill level 1 in Charms
  7264 | D:13     | Reached skill level 1 in Necromancy
  7266 | D:13     | Reached skill level 1 in Spellcasting
  7356 | D:13     | jacquesderrida: HaM
  7404 | D:13     | Found a gate to the Vaults.
  7545 | D:14     | Noticed a salamander stormcaller
  7555 | D:14     | Found an oddly glowing altar of Pakellas.
  7569 | D:14     | Found an iron altar of Okawaru.
  7640 | D:14     | Noticed a skeletal warrior
  7647 | D:14     | Noticed a skeletal warrior
  7720 | D:14     | Noticed a skeletal warrior
  7734 | D:14     | Reached skill level 5 in Charms
  7734 | D:14     | Reached XP level 13. HP: 86/86 MP: 10/16
  7767 | D:14     | jacquesderrida: Mayne you are so poor you don't wield anything!!!!!!!!
  7813 | D:14     | 4thArraOfDagon: hiiiiii
  7822 | D:14     | Gained mutation: You are resistant to hostile enchantments. [mutagenic meat]
  7823 | D:14     | Lost mutation: Your magical capacity is low (-10% MP). [mutagenic meat]
  7824 | D:14     | Gained mutation: You are weak. (Str -2) [mutagenic meat]
  7920 | D:14     | Found a sacrificial altar of Ru.
  8052 | D:15     | Entered Level 15 of the Dungeon
  8071 | D:14     | Noticed a six-headed hydra
  8130 | D:15     | Found a blossoming altar of Fedhas.
  8262 | D:15     | Noticed a centaur warrior
  8274 | D:15     | Killed a centaur warrior
  8410 | D:15     | Gained mutation: You expend magic power (3 MP) to strengthen your wands. [mutagenic meat]
  8418 | D:15     | Gained mutation: Your body sometimes deteriorates upon taking damage. [mutagenic meat]
  8431 | D:15     | Lost mutation: Your body sometimes deteriorates upon taking damage. [potion of cure mutation]
  8431 | D:15     | Lost mutation: You tend to lose your temper in combat. [potion of cure mutation]
  8431 | D:15     | Lost mutation: You are weak. (Str -2) [potion of cure mutation]
  8431 | D:15     | Lost mutation: You are resistant to hostile enchantments. [potion of cure mutation]
  8431 | D:15     | Lost mutation: You expend magic power (3 MP) to strengthen your wands. [potion of cure mutation]
  9221 | D:12     | Gained mutation: Armour fits poorly on your strangely shaped body. [mutagenic meat]
  9222 | D:12     | Gained mutation: You are occasionally teleported next to monsters. [mutagenic meat]
  9235 | D:12     | :(
  9238 | D:12     | Found a staircase to the Orcish Mines.
  9247 | Orc:1    | Entered Level 1 of the Orcish Mines
  9258 | Orc:1    | 4thArraOfDagon: im so dead
  9433 | Orc:2    | Entered Level 2 of the Orcish Mines
  9433 | Orc:2    | Found a roughly hewn altar of Beogh.
  9444 | Orc:1    | Noticed Josephine
  9451 | Orc:2    | Reached XP level 14. HP: 74/94 MP: 20/20
  9485 | Orc:2    | Found a staircase to the Elven Halls.
  9532 | Orc:2    | Reached ****** piety under Cheibriados
  9805 | Orc:2    | Lost mutation: You have sharp toenails. [potion of mutation]
  9806 | Orc:2    | Gained mutation: You tend to lose your temper in combat. [potion of mutation]
  9806 | Orc:2    | Gained mutation: You are covered in fur (AC +1). [potion of mutation]
  9808 | Orc:2    | SO DEAD
  9809 | Orc:2    | Found Qutriary's Antique Armour Shoppe.
  9809 | Orc:2    | Found Taiskis's Food Shop.
  9811 | Orc:2    | Found Duxkoanu's General Store.
  9822 | Orc:2    | Found Cimogoo's Distillery.
  9831 | Orc:2    | Bought a scroll of fog for 28 gold pieces
  9851 | Orc:2    | Bought 2 potions of mutation for 55 gold pieces
  9851 | Orc:2    | IT CANT BE WORSE
  9851 | Orc:2    | Lost mutation: Armour fits poorly on your strangely shaped body. [potion of mutation]
  9851 | Orc:2    | Gained mutation: You occasionally shout uncontrollably at your foes. [potion of mutation]
  9852 | Orc:2    | Gained mutation: Your system is resistant to poisons. [potion of mutation]
  9852 | Orc:2    | Gained mutation: You can translocate small distances at will. [potion of mutation]
  9855 | Orc:2    | Bought a distressingly furry scale mail for 252 gold pieces
  9855 | Orc:2    | Bought a glowing cloak for 126 gold pieces
  9870 | Orc:2    | Identified the cursed +1 scale mail of Xylirous {rN+ Int+4 SInv Stlth-} (You bought it in a shop on level 2 of the Orcish Mines)
  9871 | Orc:2    | Bought a faintly humming leather armour for 196 gold pieces
  9917 | Orc:2    | Identified the +3 leather armour of Impressiveness {*Confuse rN+ Str+2} (You bought it in a shop on level 2 of the Orcish Mines)
 10282 | D:5      | Bought a potion of heal wounds for 60 gold pieces
 10282 | D:5      | Bought a potion of heal wounds for 60 gold pieces
 10282 | D:5      | Bought 2 potions of might for 96 gold pieces
 10282 | D:5      | Bought a potion of curing for 36 gold pieces
 10366 | Lair:1   | Entered Level 1 of the Lair of Beasts
 10513 | Lair:1   | You fall through a shaft!
 10933 | Lair:4   | jacquesderrida: hiiiiii
 11076 | Lair:5   | Reached skill level 10 in Invocations
 11143 | Lair:5   | Lost mutation: You tend to lose your temper in combat. [potion of mutation]
 11144 | Lair:5   | Gained mutation: Your skin changes colour to match your surroundings (Stealth). [potion of mutation]
 11175 | Lair:5   | Found a labyrinth entrance.
 11195 | Lair:5   | :)
 11337 | Lair:6   | Found a staircase to the Swamp.
 11338 | Lair:6   | Vidiiot: heya :)
 11450 | Lair:6   | Reached XP level 15. HP: 101/101 MP: 22/22
 11590 | Lair:7   | jacquesderrida: heyyyyyyyyyyyy ;^)
 11617 | Lair:7   | jacquesderrida: ejjjjjj vidars
 11797 | Lair:8   | Entered Level 8 of the Lair of Beasts
 11845 | Lair:7   | Noticed Kirke
 12011 | Lair:8   | jacquesderrida: also hi
 12525 | Lair:8   | Reached skill level 5 in Stealth
 12849 | Lair:7   | 4thArraOfDagon: AJJJJJ
 12886 | Lair:6   | Found a viscous altar of Jiyva.
 12887 | Lair:6   | Found a staircase to the Slime Pits.
 12902 | Lair:6   | Found a hole to the Spider Nest.
 13277 | D:6      | Bought a book of Changes for 275 gold pieces
 13283 | D:6      | Learned a level 5 spell: Blade Hands
 13287 | D:6      | Learned a level 2 spell: Sublimation of Blood
 13288 | D:6      | 4thArraOfDagon: time
 13575 | Lair:3   | Reached skill level 1 in Transmutations
 13722 | Swamp:1  | Entered Level 1 of the Swamp
 14084 | Swamp:1  | Reached XP level 16. HP: 66/107 MP: 21/24
 14824 | Swamp:4  | Entered Level 4 of the Swamp
 14878 | Swamp:4  | Reached skill level 5 in Spellcasting
 14916 | Swamp:4  | Noticed a thorn hunter
 14952 | Swamp:4  | Killed a thorn hunter
 14962 | Swamp:4  | Noticed M4edhros's ghost (adept VSTm)
 14976 | Swamp:4  | Reached skill level 5 in Transmutations
 15067 | Swamp:4  | Noticed Aizul
 15084 | Swamp:4  | Killed Aizul
 15198 | Swamp:4  | Noticed a thorn hunter
 15202 | Swamp:4  | Got a decaying rune of Zot
 15613 | Swamp:3  | Reached XP level 17. HP: 101/113 MP: 26/26
 15743 | Lair:6   | Found a deep blue altar of Sif Muna.
 15799 | Spider:1 | Entered Level 1 of the Spider Nest
 16056 | Spider:4 | Entered Level 4 of the Spider Nest
 16082 | Spider:3 | HP: 4/113 [entropy weaver (9)]
 16379 | Spider:3 | Identified a scroll of acquirement
 16737 | Spider:4 | Noticed Norris
 16757 | Spider:4 | Killed Norris
 17264 | Spider:4 | Reached skill level 10 in Fighting
 17394 | Spider:4 | Got a pitted cloak
 17395 | Spider:4 | Identified the +0 cloak of the Amoeba {MP+9} (You acquired it on level 4 of the Spider Nest)
 17462 | Spider:4 | Reached XP level 18. HP: 51/120 MP: 1/27
 17607 | Spider:4 | Got a gossamer rune of Zot
 18148 | Spider:1 | Reached skill level 15 in Unarmed Combat
 18528 | D:9      | Killed LairdHam's ghost
 18802 | Elf:1    | Entered Level 1 of the Elven Halls
 18824 | Orc:2    | Bought a potion of brilliance for 44 gold pieces
 18824 | Orc:2    | Bought a potion of brilliance for 44 gold pieces
 18824 | Orc:2    | Bought a potion of beneficial mutation for 385 gold pieces
 18824 | Orc:2    | Bought a potion of beneficial mutation for 385 gold pieces
 18824 | Orc:2    | Bought a potion of curing for 33 gold pieces
 18824 | Orc:2    | Bought 2 potions of magic for 176 gold pieces
 18824 | Orc:2    | Bought a potion of curing for 33 gold pieces
 18826 | Orc:2    | Gained mutation: You have a pair of small horns on your head. [potion of beneficial mutation]
 18827 | Orc:2    | Gained mutation: You are partially covered in icy blue scales (AC +1). [potion of beneficial mutation]
 19264 | Elf:1    | Identified the Catalogue of Dark Secrets (You found it on level 1 of the Elven Halls)
 19570 | Elf:3    | Entered Level 3 of the Elven Halls
 19611 | Elf:3    | Found Lolyss's Book Emporium.
 19742 | Elf:2    | Found Ufelueme's Assorted Antiques.
 19858 | Elf:2    | Got a transparent plate armour
 19917 | Elf:3    | Identified the +12 plate armour of the Bulwark {*Corrode rF+ rC+++ Stlth+} (You found it on level 2 of the Elven Halls)
 19917 | Elf:3    | incide: holy crap now that's an armor
 19918 | Elf:3    | 4thArraOfDagon: yeah...
 19918 | Elf:3    | 4thArraOfDagon: thats epic piece of metal
 19973 | Elf:3    | Reached skill level 1 in Armour
 20033 | Elf:3    | Reached skill level 2 in Armour
 20154 | Elf:2    | Reached skill level 3 in Armour
 20210 | Elf:2    | Found a runed gate.
 20210 | Elf:2    | Found a runed gate.
 20210 | Elf:2    | Found a runed gate.
 20352 | Elf:3    | Reached skill level 4 in Armour
 20360 | Elf:3    | Reached XP level 19. HP: 128/128 MP: 28/28
 20393 | Elf:3    | Reached skill level 5 in Armour
 20413 | Elf:3    | Noticed a deep elf blademaster
 20431 | Elf:3    | Reached skill level 6 in Armour
 20442 | Elf:3    | Killed a deep elf blademaster
 20454 | Elf:3    | Reached skill level 7 in Armour
 20483 | Elf:3    | Reached skill level 8 in Armour
 20508 | Elf:3    | Reached skill level 9 in Armour
 20633 | Elf:3    | Noticed a deep elf blademaster
 20644 | Elf:3    | Reached skill level 10 in Armour
 20650 | Elf:3    | Noticed Donald
 20659 | Elf:3    | Killed a deep elf blademaster
 20677 | Elf:3    | Killed Donald
 20688 | Elf:3    | Got an ancient pewter amulet
 20693 | Elf:3    | Got a polished leather armour
 20777 | Elf:3    | Reached skill level 11 in Armour
 20935 | Elf:3    | Identified Sif Muna's Handbook of Conjuration and Intoxication
 20993 | Elf:3    | Identified the Papyrus of Earth (You found it on level 3 of the Elven Halls)
 20997 | Elf:3    | Identified the Almanac of the Land of Plenty
 21004 | Elf:3    | Learned a level 4 spell: Summon Lightning Spire
 21044 | Elf:3    | Got a crystal war axe {chop}
 21065 | Elf:3    | Identified the cursed +1 war axe of the Crypt {chop, *Drain rN+ Str+2} (You took it off a deep elf mage on level 3 of the Elven Halls)
 21069 | Elf:3    | Identified the amulet of Light {RegenMP Int+2 Dex+6} (You took it off a deep elf elementalist on level 3 of the Elven Halls)
 21086 | Elf:3    | Noticed an Ice Fiend
 21391 | D:13     | Reached skill level 12 in Armour
 21598 | D:15     | Found a staircase to the Depths.
 21626 | Depths:1 | Entered Level 1 of the Depths
 21694 | Depths:1 | Reached XP level 20. HP: 135/135 MP: 29/29
 21753 | Depths:1 | Reached skill level 13 in Armour
 21993 | Depths:2 | Reached skill level 14 in Armour
 22287 | Depths:2 | Reached skill level 15 in Armour
 22422 | Depths:2 | Found Jack's Jerk-a-riffic Jerky.
 22518 | Depths:2 | Found Fabbotse's Miraculous Elixirs.
 22653 | Depths:2 | Found a radiant altar of Vehumet.
 22729 | Depths:2 | Found a burning altar of Makhleb.
 22779 | Depths:2 | Got a transparent plate armour
 22795 | Depths:2 | Found an ancient bone altar of Kikubaaqudgha.
 22850 | Depths:2 | Found a gateway to Hell.
 22894 | Depths:2 | Identified the cursed +0 plate armour of Gitoolam {+Fly rC- rN+++ SInv} (You found it on level 2 of the Depths)
 23118 | Depths:2 | Found The Legendary Kyizoga's Legendary Smithy.
 23135 | Depths:2 | Found Gyddeelu's Slaves and Accessories.
 23224 | Depths:2 | Found a one-way gate leading to the halls of Pandemonium.
 23397 | Depths:2 | Reached XP level 21. HP: 140/140 MP: 33/33
 23811 | Depths:3 | Reached skill level 16 in Armour
 23814 | Depths:3 | Noticed a juggernaut
 23823 | Depths:3 | Killed a juggernaut
 24294 | Depths:3 | Reached skill level 15 in Invocations
 24374 | Depths:4 | Found a one-way gate to the infinite horrors of the Abyss.
 24376 | Depths:4 | Noticed Louise
 24386 | Depths:4 | Killed Louise
 24427 | Depths:4 | Found a gateway to a ziggurat.
 24476 | Depths:4 | Found an ancient bone altar of Kikubaaqudgha.
 24476 | Depths:4 | Noticed an ancient lich
 24486 | Depths:4 | Killed an ancient lich
 24486 | Depths:4 | Reached skill level 10 in Spellcasting
 24547 | Depths:4 | Reached XP level 22. HP: 140/146 MP: 36/36
 24904 | Depths:4 | Learned a level 2 spell: Repel Missiles
 24907 | Depths:4 | Learned a level 2 spell: Blink
 25017 | Depths:4 | Noticed a golden dragon
 25023 | Depths:4 | Reached skill level 17 in Armour
 25027 | Depths:4 | Killed a golden dragon
 25062 | Depths:5 | Entered Level 5 of the Depths
 25062 | Depths:5 | Found a sparkling altar of Nemelex Xobeh.
 25068 | Depths:5 | Noticed Mennas
 25209 | Depths:5 | Noticed a golden dragon
 25216 | Depths:5 | Killed a golden dragon
 25220 | Depths:5 | Found a gate to the Realm of Zot.
 25359 | Depths:5 | Killed Mennas
 25374 | Depths:5 | Reached XP level 23. HP: 89/152 MP: 37/37
 26104 | Slime:1  | Entered Level 1 of the Pits of Slime
 26338 | Slime:3  | Gained mutation: You are clumsy. (Dex -2) [a shining eye]
 26454 | Slime:5  | Reached skill level 15 in Dodging
 26514 | Slime:6  | Entered Level 6 of the Pits of Slime
 26581 | Slime:6  | Found a viscous altar of Jiyva.
 26583 | Slime:6  | Noticed the Royal Jelly
 26587 | Slime:6  | Killed the Royal Jelly
 26594 | Slime:6  | Reached skill level 18 in Armour
 26655 | Slime:6  | Got a slimy rune of Zot
 26657 | Slime:6  | Identified Udirghio's Reference Book on Unholy Aid
 26662 | Slime:6  | Turgon: Haste!
 26664 | Slime:6  | Turgon: Nice
 26678 | Slime:6  | Turgon: Your boss will love it
 26692 | Slime:6  | Got a faintly glowing bone amulet
 26702 | Slime:6  | Identified the amulet of the Zebra {+Rage rF+ Int-3 Slay+2} (You found it on level 6 of the Pits of Slime)
 26729 | Slime:6  | Identified the Reference Book on Fiery Confrontation (You found it on level 6 of the Pits of Slime)
 26774 | Slime:6  | Reached XP level 24. HP: 160/160 MP: 37/37
 27136 | D:11     | 4thArraOfDagon: hiiiiii
 27224 | Vaults:1 | Entered Level 1 of the Vaults
 27602 | Vaults:3 | Got a pair of polished boots
 27613 | Vaults:3 | Identified the +0 pair of boots "Ynied" {*Drain MP+9 Dex+3} (You acquired it on level 3 of the Vaults)
 27765 | Vaults:3 | Noticed Sojobo
 27779 | Vaults:3 | Killed Sojobo
 27887 | Vaults:1 | Found Uthedoaho's Jewellery Shoppe.
 28296 | Vaults:3 | Reached XP level 25. HP: 161/169 MP: 37/37
 28339 | Vaults:4 | Reached skill level 19 in Armour
 28522 | Vaults:4 | Got a translucent cloak
 28550 | Vaults:4 | Identified the cursed +0 cloak "Mouzxuo" {rC+ rN+ Str+5 Int-5} (You found it on level 4 of the Vaults)
 28578 | Vaults:3 | Found Ziveawihutz's Magic Scroll Shoppe.
 28595 | Vaults:3 | Bought a scroll of blinking for 82 gold pieces
 28595 | Vaults:3 | Bought a scroll of blinking for 82 gold pieces
 28595 | Vaults:3 | Bought a scroll of fog for 22 gold pieces
 28595 | Vaults:3 | Bought 3 scrolls of fog for 66 gold pieces
 28751 | Vaults:5 | Entered Level 5 of the Vaults
 28913 | Vaults:5 | Noticed Jory
 28920 | Vaults:5 | Killed Jory
 29132 | Vaults:5 | Reached XP level 26. HP: 133/178 MP: 22/37
 29169 | Vaults:5 | Reached skill level 20 in Armour
 29516 | Vaults:5 | Identified the Disquisition on Venom
 29592 | Vaults:5 | Identified Tiko's Grimoire of Enthralling Summoning
 29701 | Vaults:5 | Got a twitching ivory ring
 29721 | Vaults:5 | Identified the cursed ring "Alayl" {rPois rN+ Int+3 Dex-3} (You took it off a vault warden on level 5 of the Vaults)
 29733 | Vaults:5 | Got a silver rune of Zot
 29736 | Vaults:5 | Identified the Catalogue of Shape Shifting
 30250 | Vaults:2 | Found a staircase to the Crypt.
 30250 | Vaults:2 | Found an ancient bone altar of Kikubaaqudgha.
 30251 | Vaults:2 | Found a basalt altar of Yredelemnul.
 30258 | Crypt:1  | Entered Level 1 of the Crypt
 30353 | Crypt:2  | Reached skill level 15 in Fighting
 30616 | Crypt:3  | Entered Level 3 of the Crypt
 30758 | Crypt:3  | Found an ancient bone altar of Kikubaaqudgha.
 30760 | Crypt:3  | Noticed an ancient lich
 30767 | Crypt:3  | Killed an ancient lich
 30786 | Crypt:3  | Drew Focus: Dex increased to 28, Int decreased to 10
 30797 | Crypt:3  | Noticed an ancient lich
 30802 | Crypt:3  | Killed an ancient lich
 30802 | Crypt:3  | Reached XP level 27. HP: 138/187 MP: 37/37
 31077 | Crypt:3  | Found a staircase to the Tomb.
 31106 | Tomb:1   | Entered Level 1 of the Tomb of the Ancients
 31255 | Tomb:1   | Noticed a greater mummy
 31268 | Tomb:1   | Killed a greater mummy
 31270 | Tomb:1   | Reached skill level 21 in Armour
 31279 | Tomb:1   | Noticed a greater mummy
 31284 | Tomb:1   | Killed a greater mummy
 31336 | Tomb:1   | RelittoDelNilo: oh hey is that a nwe tile for abominations
 31402 | Tomb:2   | Noticed a greater mummy
 31405 | Tomb:2   | Noticed a greater mummy
 31406 | Tomb:2   | OW
 31474 | Tomb:2   | Noticed a greater mummy
 31478 | Tomb:2   | Killed a greater mummy
 31486 | Tomb:2   | Killed a greater mummy
 31496 | Tomb:2   | Noticed Jorgrun
 31502 | Tomb:2   | Killed Jorgrun
 31522 | Tomb:2   | HP: 4/188 [emperor scorpion[a greater mummy] (18)]
 31522 | Tomb:2   | Slain by a greater mummy

Vault maps used:
D:1:      eino_arrival_cavern_c, minmay_misc_feat_columns,
          minmay_misc_feat_alley
D:2:      first_bread, minmay_bad_closet, grunt_ministairs_15
D:4:      elyvilon_altar_1, grunt_temple_overflow_open, serial_shops, shop
D:5:      gammafunk_temple_overflow_claw, kennysheep_little_box,
          gammafunk_temple_overflow_elements, serial_shops,
          nicolae_shop_temple_entry_statues_fountains, okawaru_metal_pillars_3
D:6:      demons_altar, gammafunk_temple_overflow_wave, serial_shops,
          nicolae_shop_window_shopping, uniq_duvessa, uniq_blork_the_orc,
          uniq_menkaure, uniq_prince_ribbit1, uniq_pikel, uniq_grinder
D:7:      basic_altar, nrook_loot_triangle
D:8:      nicolae_overflow_hidden_temple, lair_0_dummy, hangedman_tree_tricks,
          minivault_22
D:9:      kennysheep_nub
D:10:     serial_shops, nicolae_shop_crystal
D:12:     erik_orc_2, minivault_5, lightli_fourway_metalbox
D:13:     gargoyle_guard, david_vaults_1
D:14:     basic_altar, nicolae_ru_awakened_eye, grunt_pakellas_mercury
D:15:     gammafunk_enter_depths_forms, basic_altar
Temple:   corrupted_temple
Lair:1:   serial_bayou_pond_d
Lair:2:   minivault_29, grunt_megastairs_3
Lair:4:   grunt_megastairs_5
Lair:5:   lab_entry_generic, serial_bayou_pond_d, serial_bayou_shore_b,
          infiniplex_staircase_pool_2
Lair:6:   minmay_swamp_entry_reptiles, spider_nest_entry_rubble, slime_altar_1,
          basic_altar
Lair:7:   uniq_kirke
Lair:8:   minmay_lair_end_enchanted_forest, eino_house_with_fridge
Swamp:1:  hangedman_swamp_cone
Swamp:2:  evilmike_swamp_ruin_rubble_1, infiniplex_staircase_pool
Swamp:3:  evilmike_swamp_ruin_house_3, swamp_pool1
Swamp:4:  swamp_alternative, uniq_aizul
Spider:3: guppyfry_spider_mini_1
Spider:4: grunt_spider_rune_island, uniq_norris
Slime:5:  nicolae_slime_round_cave
Orc:1:    uniq_josephine
Orc:2:    st_orc_rangers, basic_altar
Elf:1:    elf_arrival_002, minmay_elf_necromancy
Elf:2:    serial_shops, shop
Elf:3:    grunt_elf_hall_diamonds, serial_shops, shop_coins, minivault_14,
          uniq_donald
Vaults:1: v_misc_12, hangedman_vaults_trim, v_misc_24, v_misc_26,
          nicolae_vaults_sealed_display, nicolae_vaults_shelves_hall,
          ontoclasm_vaults_ring_small, hangedman_vaults_stretched_pinwheel,
          nicolae_vaults_mini_display_case, vaults_room_pool, serial_shops,
          shop_statue
Vaults:2: ontoclasm_vaults_spin, v_misc_33, nicolae_vaults_alarming,
          hangedman_vaults_stitches, minmay_crypt_entry_necro_gods,
          nicolae_vaults_ring_of_whatevers, vaults_room_boxed,
          ontoclasm_vaults_ring_large, dpeg_vaults_monster_box,
          ontoclasm_vaults_gateway, nicolae_vaults_angled_halls
Vaults:3: nicolae_vaults_puzzle_piece, hangedman_vaults_maws, v_alt_pattern_1,
          vaults_standard_mumra_lines, vaults_room_ringed_pool, v_misc_10,
          vaults_room_guarded_vault, nicolae_vaults_what_the_h,
          nicolae_vaults_asterisk, vaults_room_fours,
          ontoclasm_vaults_claustrophobia, serial_shops,
          nicolae_shop_temple_entry_statues_fountains, uniq_sojobo
Vaults:4: vaults_mumra_chevron, nicolae_vaults_little_squares_3,
          nicolae_vaults_stairing_the_circle, vaults_room_grid, v_misc_32,
          vaults_dpeg_hooks, grunt_vaults_twisty, ontoclasm_vaults_hangar,
          ontoclasm_vaults_idyll
Vaults:5: serial_shops, uniq_jory
Crypt:1:  st_vampire_maze
Crypt:3:  quadcrypt_mu
Tomb:2:   uniq_jorgrun
Depths:1: hangedman_decor_growths, grunt_hell_entry_dis_mu, minivault_11,
          minivault_16, kennysheep_generic_room_4
Depths:2: grated_community_mu, pan_entry, hell_entry, grunt_ministairs_7,
          kennysheep_nondecorative_pillar
Depths:3: minmay_blocking_statues, rand_demon_pan_entry_9, hangedman_decor_push,
          hell_entry, infiniplex_staircase_spiral
Depths:4: evilmike_negative_zone, enter_ziggurat_e, cheibriados_altar_1,
          nicolae_abyss_entry_one_way_or_another, hell_entry,
          grunt_megastairs_1, uniq_boris
Depths:5: grunt_zot_entry_bicorn, pf_dread_powers_of_hell, nemelex_deck,
          serial_bayou_shore_b, uniq_mennas

Skill      XL: |  1  2  3  4  5  6  7  8  9 10 11 12 13 14 15 16 17 18 19 20 21 22 23 24 25 26 27 |
---------------+----------------------------------------------------------------------------------+-----
Fighting       | 3 4 5 6 7 8 9 10 11 12 13 14 15 | 15.8
Dodging        | 4 5 6 7 8 9 10 11 12 13 14 15 | 15.6
Unarmed Combat | 4 5 6 7 8 9 10 11 12 13 14 15 16 17 19 20 | 20.7
Invocations    | 3 5 6 7 8 10 11 12 13 16 19 | 19.0
Evocations     | 2 4 5 |  5.0
Charms         | 5 6 |  6.1
Necromancy     | 3 4 |  4.4
Spellcasting   | 2 3 6 8 10 | 10.1
Stealth        | 5 |  5.4
Transmutations | 2 6 7 |  7.7
Armour         | 4 12 15 16 17 18 19 20 21 | 21.2

Action                   |  1- 3 |  4- 6 |  7- 9 | 10-12 | 13-15 | 16-18 | 19-21 | 22-24 | 25-27 || total
-------------------------+-------+-------+-------+-------+-------+-------+-------+-------+-------++-------
Melee: Unarmed           |   134 |   128 |   240 |   526 |  1701 |  1408 |  1244 |  1000 |   821 ||  7202
       Staff             |       |       |       |       |       |       |       |       |     1 ||     1
 Fire: Blowgun           |     4 |    39 |    36 |    23 |       |       |       |       |       ||   102
 Cast: Regeneration      |       |       |       |    10 |    98 |   173 |    83 |    65 |    58 ||   487
       Blade Hands       |       |       |       |       |       |     9 |     9 |    53 |    51 ||   122
       Repel Missiles    |       |       |       |       |       |       |       |     1 |     1 ||     2
Invok: Bend Time         |       |       |       |     4 |     1 |     2 |       |       |       ||     7
       Slouch            |       |       |       |    10 |     9 |    16 |    11 |     6 |     7 ||    59
       Temporal Distorti |       |       |       |       |     1 |       |     1 |       |       ||     2
 Abil: End Transformatio |       |       |       |       |       |     1 |     1 |     4 |     4 ||    10
Evoke: Wand              |       |       |     2 |     1 |     1 |    45 |     6 |     5 |     4 ||    64
       Deck              |       |       |       |       |       |     2 |     1 |       |     6 ||     9
       Phial of floods   |       |       |       |       |       |     1 |       |       |       ||     1
  Use: Potion            |       |     1 |       |    10 |     8 |    16 |     6 |     4 |       ||    45
       Scroll            |       |       |    20 |     8 |    18 |    29 |    11 |     4 |    11 ||   101
 Stab: Sleeping          |     5 |     3 |     1 |    13 |    24 |     8 |     3 |     1 |     2 ||    60
       Paralysed         |       |       |     4 |       |       |    13 |       |       |       ||    17
       Invisible         |       |       |       |    11 |       |       |    22 |       |       ||    33
       Distracted        |       |       |       |       |     3 |     1 |     1 |     1 |       ||     6
       Confused          |       |       |       |       |       |     1 |       |       |       ||     1
  Eat: Chunk             |       |    10 |     7 |     9 |    44 |    14 |     3 |       |       ||    87
       Fruit             |       |       |       |     5 |     4 |     1 |       |     8 |    12 ||    30
       Beef jerky        |       |       |       |     3 |       |     9 |     2 |     4 |     1 ||    19
       Royal jelly       |       |       |       |     1 |       |       |     1 |     1 |       ||     3
       Pizza             |       |       |       |     2 |     2 |       |     7 |     1 |       ||    12
       Meat ration       |       |       |       |       |       |       |       |       |     1 ||     1
       Bread ration      |       |       |       |       |       |       |       |       |     1 ||     1
